AoeStats
← nicerboi

Arena

507836721Analyzed
1v1 RM · 13d ago on Sep 19, 2026· 25m 46s· 2 players
Game mode
Random Map
Map size
Tiny (2 player)
Population
200
Speed
Normal
Resources
Standard
Victory
Conquest
Starting age
Dark Age
Ending age
Imperial Age
RankedLock teamsTeams togetherTeam positionsShared explorationLock speedFull tech treeHidden civsTurbo modeCheats
Victory
Defeat
🇸🇪 Spanish · Sweden
1150
+17
🇩🇪 Dravidians · Germany
1163
-17
The Outpost Man
12:02 Feudal Age
12:56 Double-Bit Axe
12:53 Horse Collar
15:53 Castle Age
13:47 Stone Mining
15:22 Gold Mining
16:34 Loom
17:29 Wheelbarrow
17:14 Heavy Plow
21:13 Bow Saw
22:16 Loom
24:11 Bloodlines
24:04 Husbandry
24:12 Light Cavalry
25:34 Town Watch
nicerboi
4:31 Loom
10:05 Feudal Age
14:13 Castle Age
12:04 Horse Collar
12:22 Double-Bit Axe
16:17 Bow Saw
23:12 Wheelbarrow
22:23 Town Watch
22:40 Loom
28:31 Imperial Age
Connection lost

Rejoining the realm…

Still unreachable

The connection could not be restored.

Session expired

The server has moved on; the page needs a fresh start.